 Dungeon Sprint DCSS version 0.30.1-11-g7821555f0a (webtiles) character file.

Game seed: 15494980803933160338

1747 Groucho the Grappler (level 8, -2/78 HPs)
             Began as a Minotaur Transmuter on Nov 13, 2023.
             Was a Believer of Uskayaw.
             Slain by a boulder beetle (13 damage)
             ... in the Dungeon (Sprint IX: "|||||||||||||||||||||||||||||").
             The game lasted 00:02:42 (1071 turns).

Groucho the Grappler (Minotaur Transmuter)          Turns: 1071, Time: 00:02:43

Health: -2/78      AC:  9    Str: 15    XL:     8   Next: 77%
Magic:  1/15       EV: 13    Int: 18    God:    Uskayaw [**....]
Gold:   0          SH:  0    Dex: 11    Spells: 12/18 levels left

rFire   . .          .
                       - Unarmed
rCold   . . .        (no shield)
rNeg    . . .        k - +2 ring mail
rPois   .            (helmet restricted)
rElec   .            (no cloak)
rCorr   .            (no gloves)
SInv    .            (no boots)
Will    .....        (no amulet)
Stlth   +            l - +3 ring of intelligence
HPRegen 0.33/turn    m - +3 ring of intelligence
MPRegen 0.14/turn

%: no teleportation
@: wereblooded, slowed, very slow
A: horns 2, retaliatory headbutt
a: Renounce Religion, Stomp, Line Pass


You were in the Dungeon.
You worshipped Uskayaw.
Uskayaw was noncommittal.
You visited 1 branch

Inventory:

Armour
 a - a +0 robe
 k - a +2 ring mail (worn)
Jewellery
 l - a +3 ring of intelligence (left hand)
 m - a +3 ring of intelligence (right hand)
Wands
 j - a wand of roots (10)
Scrolls
 h - 2 scrolls of blinking
 i - 2 scrolls of amnesia
Potions
 b - a potion of lignification
 c - a potion of invisibility
 e - a potion of haste
 f - 4 potions of magic
 g - 2 potions of curing


   Skills:
 + Level 9.1 Fighting
 + Level 9.0 Armour
 + Level 8.6 Dodging
 + Level 9.1 Unarmed Combat
 + Level 5.5 Spellcasting
 + Level 6.5 Transmutations
 + Level 6.8 Invocations


You had 12 spell levels left.
You knew the following spells:

 Your Spells              Type           Power      Damage    Failure   Level
a - Beastly Appendage     Tmut           56%        N/A       1%          1
b - Wereblood             Tmut           28%        N/A       2%          2
c - Spider Form           Tmut/Pois      16%        N/A       17%         3

Your spell library contained the following spells:

 Spells                   Type           Power      Damage    Failure   Level
 Ice Form                 Ice/Tmut       16%        N/A       50%         4


Dungeon Overview and Level Annotations

Branches:
Dungeon (1/1)

Altars:
Cheibriados
Dithmenos
Elyvilon
Fedhas
Gozag
Hepliaklqana
Kikubaaqudgha
Makhleb
Nemelex Xobeh
Okawaru
Qazlal
Ru
Sif Muna
Trog
Uskayaw
Vehumet
Wu Jian
Xom
Yredelemnul
Zin
The Shining One
Jiyva
Lugonu


Innate Abilities, Weirdness & Mutations

You have a pair of horns on your head.
You reflexively headbutt those who attack you in melee.


Message History

The centaur warrior kicks the tengu warrior.
The boulder beetle barely misses the centaur warrior.
The tengu warrior hits the centaur warrior with a +0 great sword.
The tengu warrior pecks the centaur warrior but does no damage.
The tengu warrior claws the centaur warrior.
You punch the tengu warrior!
The tengu warrior is heavily wounded.
The centaur warrior seems less confused.
The tengu warrior seems less confused.
The boulder beetle seems less confused.
The tengu warrior closely misses you.
The tengu warrior pecks you but does no damage.
The tengu warrior claws you but does no damage.
Unknown command.
Aiming: Line Pass
Press: ? - help, Dir - move target The tengu warrior appears confused.
The centaur warrior appears confused.
The boulder beetle appears confused.
You howl as the wereblood boils in your veins!
The centaur warrior completely misses the boulder beetle.
The centaur warrior kicks the boulder beetle.
The boulder beetle closely misses you.
The boulder beetle bites itself but does no damage.
The centaur warrior hits the boulder beetle!
The centaur warrior kicks the boulder beetle.
You hit the boulder beetle but do no damage.
You headbutt the boulder beetle, but do no damage.
The boulder beetle is heavily wounded.
The boulder beetle seems less confused.
The centaur warrior hits the boulder beetle but does no damage.
The centaur warrior kicks the boulder beetle.
The tengu warrior hits itself with a +0 great sword!
The tengu warrior pecks itself.
The tengu warrior barely misses itself.
The boulder beetle bites you.
* * * LOW HITPOINT WARNING * * *
You hit the boulder beetle.
You headbutt the boulder beetle, but do no damage.
The boulder beetle is severely wounded.
The centaur warrior seems less confused.
The tengu warrior seems less confused.
The boulder beetle bites you!
You die...

▓+▓
▓.▓
▓@▓
▓B▓
▓c▓
▓.▓
▓Q▓
▓)▓
▓.▓
▓.▓
▓.▓


You could see a boulder beetle, a tengu warrior and a centaur warrior.

Vanquished Creatures
  A centaur warrior (D)
  A troll (D)
  2 wyverns (D)
  A shadow (D)
  A yak (D)
  A wraith (D)
  A centaur (D)
  A scorpion (D)
  A killer bee (D)
  An adder (D)
  An ufetubus (D)
  A dart slug (D)
  2 orcs (D)
  2 goblins (D)
  A hobgoblin (D)
  A jackal (D)
19 creatures vanquished.

Notes
Turn   | Place    | Note
-------+----------+-------------------------------------------
     0 | D        | Groucho the Minotaur Transmuter began the quest for the
                  | Orb.
     0 | D        | Reached XP level 1. HP: 16/16 MP: 1/1
     5 | D        | Reached skill level 1 in Armour
    20 | D        | Reached XP level 2. HP: 24/24 MP: 3/3
    26 | D        | Noticed a scorpion
    42 | D        | Killed a scorpion
    43 | D        | Reached XP level 3. HP: 14/33 MP: 3/5
    43 | D        | Reached XP level 4. HP: 17/40 MP: 3/6
    46 | D        | Reached skill level 5 in Unarmed Combat
   438 | D        | Found a snail-covered altar of Cheibriados.
   438 | D        | Found a shadowy altar of Dithmenos.
   438 | D        | Found a white marble altar of Elyvilon.
   438 | D        | Found a blossoming altar of Fedhas.
   438 | D        | Found an opulent altar of Gozag.
   439 | D        | Found a hazy altar of Hepliaklqana.
   440 | D        | Found a viscous altar of Jiyva.
   441 | D        | Found an ancient bone altar of Kikubaaqudgha.
   442 | D        | Found a corrupted altar of Lugonu.
   443 | D        | Found a burning altar of Makhleb.
   444 | D        | Found a sparkling altar of Nemelex Xobeh.
   445 | D        | Found an iron altar of Okawaru.
   446 | D        | Found a stormy altar of Qazlal.
   447 | D        | Found a sacrificial altar of Ru.
   448 | D        | Found a shimmering blue altar of Sif Muna.
   449 | D        | Found a bloodstained altar of Trog.
   450 | D        | Found a hide-covered altar of Uskayaw.
   451 | D        | Found a radiant altar of Vehumet.
   452 | D        | Found an ornate altar of the Wu Jian Council.
   453 | D        | Found a shimmering altar of Xom.
   460 | D        | Found a basalt altar of Yredelemnul.
   461 | D        | Found a glowing silver altar of Zin.
   462 | D        | Found a glowing golden altar of the Shining One.
   464 | D        | Became a worshipper of Uskayaw the Reveller
   683 | D        | Noticed a yak
   683 | D        | Noticed a wyvern
   683 | D        | Noticed a shadow
   683 | D        | Noticed a wyvern
   683 | D        | Noticed a centaur
   686 | D        | Reached * piety under Uskayaw
   688 | D        | Killed a centaur
   688 | D        | Reached ** piety under Uskayaw
   689 | D        | Reached skill level 5 in Fighting
   689 | D        | Reached skill level 5 in Dodging
   689 | D        | Reached XP level 5. HP: 47/48 MP: 6/8
   694 | D        | Reached *** piety under Uskayaw
   696 | D        | Killed a wyvern
   696 | D        | Reached **** piety under Uskayaw
   697 | D        | Reached skill level 5 in Armour
   697 | D        | Reached XP level 6. HP: 46/57 MP: 7/10
   707 | D        | Killed a shadow
   708 | D        | Reached skill level 5 in Transmutations
   708 | D        | Killed a wyvern
   708 | D        | Reached ***** piety under Uskayaw
   709 | D        | Reached skill level 5 in Invocations
   709 | D        | Reached XP level 7. HP: 28/66 MP: 0/12
   709 | D        | Killed a yak
  1038 | D        | Learned a level 2 spell: Wereblood
  1042 | D        | Learned a level 3 spell: Spider Form
  1046 | D        | Noticed a troll
  1046 | D        | Noticed a centaur warrior
  1046 | D        | Noticed a tengu warrior
  1046 | D        | Noticed a wraith
  1046 | D        | Noticed a boulder beetle
  1046 | D        | Noticed a centaur warrior
  1059 | D        | Killed a centaur warrior
  1060 | D        | Reached skill level 5 in Spellcasting
  1060 | D        | Reached XP level 8. HP: 28/75 MP: 11/14
  1064 | D        | Killed a troll
  1071 | D        | Slain by a boulder beetle

Illustrated notes

Levels and vault maps discovered:
D:        linesprint [early_d, line_temple, items_1, d_10, items_2, lair_1,
          lair_end, items_3, orc_1, orc_end, items_4, d_15, swamp_1, shoals_1,
          snake_1, spider_1, d_20, vaults_1, items_5, swamp_end, shoals_end,
          snake_end, spider_end, vaults_end, d_27, items_6, zot_1, zot_end,
          crypt_end, forest_end, elf_end, slime_end, tomb_end, abyss_end,
          pan_hell_end]

Skill      XL: |  1  2  3  4  5  6  7  8 |
---------------+-------------------------+-----
Armour         | 1 3 4 5 7 8 9 |  9.0
Fighting       | 2 4 5 6 7 8 9 |  9.1
Transmutations | 2 3 4 5 6 |  6.5
Unarmed Combat | 4 5 6 7 8 9 |  9.1
Dodging        | 4 5 6 7 8 |  8.6
Spellcasting   | 2 3 4 5 |  5.5
Invocations    | 2 3 5 6 |  6.8

Action                     |  1- 3 |  4- 6 |  7- 9 || total
---------------------------+-------+-------+-------++-------
  Melee: Unarmed           |    30 |    19 |    20 ||    69
         Headbutt          |     6 |     4 |     6 ||    16
         Kick              |       |     3 |     6 ||     9
         Punch             |       |       |     1 ||     1
   Cast: Beastly Appendage |       |     1 |     1 ||     2
         Wereblood         |       |       |     1 ||     1
 Invoke: Line Pass         |       |     2 |     3 ||     5
    Use: Potion            |     2 |     4 |     1 ||     7
   Stab: Paralysed         |       |     2 |     1 ||     3
         Confused          |       |     1 |       ||     1
 Armour: Robe              |     8 |       |       ||     8
         Ring mail         |       |     6 |    13 ||    19
  Dodge: Dodged            |    18 |    12 |    18 ||    48
